Map: Acropolis LE

Players

TLO - Winner!

  • Race: Zerg Zerg
  • Spawn Location: 11:00

Rhizer

  • Race: Protoss Protoss
  • Spawn Location: 5:00

VOD

Have the link to the VOD?

Description

Time

  • Played on: Sept. 6, 2019, 12:27 p.m.
  • Length: 7:17
Show
View Real Time Build Order
Export as new Build Order

TLO Zerg - Winner!

Build Orders: Hatch First 

Get SALT Encoding   

  12  0:00  Drone  
  13  0:12  Overlord  
  13  0:17  Drone  
  14  0:31  Drone  
  14  0:32  Drone  
  16  0:48  Hatchery  
  15  0:51  Drone  
  15  0:55  Drone  
  17  0:59  Drone  
  18  1:06  Extractor  
  17  1:13  Spawning Pool  
  17  1:16  Drone  
  17  1:20  Drone  
  18  1:29  Drone  
  19  1:38  Drone  
  20  1:49  Overlord  
  20  1:59  Queen x2  
  20  2:00  Zergling x2  
  25  2:01  Zergling x2  
  26  2:12  Drone  
  26  2:14  Drone  
  28  2:27  Hatchery  
  27  2:32  Drone  
  27  2:35  Drone, Pneumatized Carapace  
  29  2:41  Queen  
  31  2:46  Overlord  
  31  2:50  Drone  
  32  2:53  Drone  
  32  2:57  Zergling x2  
  34  2:58  Drone  
  34  3:03  Drone  
  34  3:05  Drone  
  37  3:07  Drone  
  37  3:08  Drone  
  37  3:10  Drone  
  40  3:14  Drone  
  40  3:15  Drone  
  41  3:20  Spore Crawler  
  41  3:21  Drone  
  41  3:22  Drone  
  41  3:24  Drone  
  42  3:36  Metabolic Boost  
  42  3:38  Queen  
  42  3:40  Overlord  
  42  3:41  Drone  
  45  3:42  Drone  
  45  3:44  Drone  
  45  3:47  Drone  
  45  3:48  Drone  
  48  3:56  Drone  
  48  3:58  Spore Crawler, Drone x2  
  48  4:01  Drone  
  51  4:03  Overlord, Drone  
  51  4:07  Overlord  
  52  4:10  Drone  
  52  4:11  Overlord  
  52  4:14  Spore Crawler, Drone  
  53  4:17  Drone  
  53  4:18  Drone  
  53  4:22  Drone  
  53  4:24  Drone  
  57  4:27  Drone  
  57  4:28  Drone  
  57  4:29  Lair  
  57  4:31  Drone  
  60  4:35  Extractor  
  60  4:38  Extractor, Roach Warren, Drone  
  60  4:40  Drone  
  60  4:41  Drone  
  60  4:42  Drone  
  60  4:43  Drone  
  60  4:45  Drone  
  63  4:46  Drone  
  63  4:47  Drone  
  63  4:51  Extractor, Drone  
  65  4:53  Drone  
  65  4:54  Drone  
  65  4:57  Drone  
  65  4:58  Drone x2  
  70  5:00  Drone, Extractor  
  70  5:03  Drone  
  70  5:04  Overlord, Drone  
  72  5:08  Overlord  
  72  5:13  Overlord  
  72  5:16  Zergling x2  
  72  5:18  Overlord x2  
  72  5:21  Overlord  
  73  5:23  Overlord  
  73  5:28  Nydus Network  
  73  5:29  Roach x3  
  73  5:32  Roach  
  73  5:33  Roach  
  73  5:35  Glial Reconstitution  
  82  5:37  Roach  
  82  5:41  Roach x3  
  82  5:42  Roach  
  92  5:45  Roach  
  92  5:47  Roach  
  96  5:51  Roach  
  96  5:52  Roach  
  96  5:53  Roach x2  
  96  5:55  Overseer  
  104  5:58  Roach  
  104  6:01  Zergling x2  
  105  6:04  Zergling x2  
  105  6:06  Zergling x2  
  105  6:08  Nydus Canal  
  105  6:13  Queen x2  
  105  6:15  Roach x3  
  105  6:17  Roach x2  
  119  6:19  Overseer  
  119  6:20  Roach  
  119  6:22  Nydus Canal  
  119  6:23  Roach x2  
  119  6:24  Roach  
  127  6:27  Roach  
  127  6:29  Overlord  
  129  6:39  Roach  
  128  6:40  Nydus Canal  
  128  6:41  Roach  
  128  6:46  Overlord  
  129  6:47  Overlord  
  129  6:48  Roach  
  129  6:49  Roach  
  129  6:51  Roach  
  129  6:53  Roach  
Show
View Real Time Build Order
Export as new Build Order

Rhizer Protoss 

Build Orders: 1 Gate Expand, Oracle Opening, Phoenix Opening 

Get SALT Encoding   

  12  0:00  Probe  
  13  0:12  Probe  
  14  0:20  Pylon  
  14  0:24  Probe  
  15  0:35  Probe  
  15  0:39  Gateway  
  16  0:43  Probe  
  16  0:48  Assimilator  
  17  0:52  Probe  
  18  1:04  Probe  
  19  1:16  Probe  
  20  1:24  Nexus  
  20  1:34  Cybernetics Core  
  20  1:36  Probe  
  21  1:42  Assimilator  
  21  1:48  Probe  
  21  1:53  Pylon  
  22  2:00  Probe  
  23  2:01  Adept  
  23  2:08  Probe  
  26  2:16  Probe  
  26  2:22  Stargate  
  27  2:27  Probe  
  28  2:31  Adept  
  28  2:36  Warp Gate, Probe  
  31  2:41  Probe  
  32  2:48  Probe  
  33  2:53  Probe  
  33  2:54  Oracle  
  34  3:00  Gateway, Probe  
  34  3:05  Probe  
  40  3:12  Probe  
  40  3:17  Probe  
  41  3:23  Phoenix  
  41  3:25  Probe  
  40  3:27  Pylon  
  40  3:30  Probe, Assimilator  
  43  3:34  Adept  
  43  3:35  Assimilator  
  43  3:37  Probe  
  46  3:42  Probe  
  46  3:47  Pylon  
  47  3:49  Probe  
  47  3:50  Probe  
  47  3:55  Oracle  
  52  4:00  Probe  
  52  4:01  Probe  
  54  4:12  Probe  
  54  4:13  Probe  
  56  4:20  Nexus  
  56  4:23  Pylon  
  56  4:25  Pylon  
  56  4:29  Probe, Adept  
  59  4:32  Oracle  
  59  4:35  Robotics Facility  
  62  4:41  Probe  
  62  4:42  Probe  
  64  4:46  Forge  
  64  4:47  Sentry  
  66  4:54  Probe x2  
  66  4:56  Protoss Ground Weapons Level 1  
  68  5:04  Twilight Council  
  68  5:05  Sentry  
  68  5:06  Probe x2, Robotics Facility  
  72  5:18  Probe x2  
  74  5:24  Observer  
  75  5:30  Probe x2  
  75  5:35  Sentry, Stalker  
  81  5:38  Gateway  
  81  5:39  Probe  
  81  5:41  Gateway  
  81  5:42  Probe  
  83  5:44  Gateway  
  83  5:47  Pylon, Void Ray  
  87  5:52  Probe  
  87  5:53  Assimilator  
  87  5:54  Probe x2  
  87  5:55  Assimilator  
  90  6:00  Pylon  
  90  6:16  Probe x2  
  90  6:17  Probe  
  94  6:22  Immortal  
  94  6:23  Pylon  
  94  6:25  Pylon x2  
  94  6:28  Probe  
  94  6:32  Sentry  
  92  6:44  Stalker  
  92  6:45  Stalker x3  
  72  6:58  Stalker  
  54  7:08  Stalker x4  
Tags
 
Add a new tag
Caveats
  • Supply blocks, unpowered buildings, or Contaminate may cause inaccurate times.
  • Supply counts are checked every 10 seconds.